 Dungeon Crawl Stone Soup version 0.23.2-33-g5129a83184 (webtiles) character file.

Game seed: 5997547756205073463

426 FunkyPutin the Cudgeler (level 6, -3/38 HPs)
             Began as a Gargoyle Fighter on July 29, 2019.
             Was a Follower of the Shining One.
             Slain by a gnoll
             ... wielding a +0 spear
              (8 damage)
             ... on level 4 of the Dungeon.
             The game lasted 00:08:11 (3124 turns).

FunkyPutin the Cudgeler (Gargoyle Fighter)          Turns: 3124, Time: 00:08:12

Health: -3/38      AC: 11    Str: 26    XL:     6   Next: 97%
Magic:  6/6        EV:  7    Int:  9    God:    the Shining One [*.....]
Gold:   153        SH: 10    Dex:  9    Spells: 5/5 levels left

rFire    . . .     SeeInvis .   a - +1 flail
rCold    . . .     Gourm    .   c - +1 shield
rNeg     + . .     Faith    .   b - +0 scale mail
rPois    ∞         Spirit   .   (no helmet)
rElec    +         Reflect  .   (no cloak)
rCorr    .         Harm     .   (no gloves)
MR       .....                  (no boots)
Stlth    ..........             (no amulet)
HPRegen  0.12/turn              (no ring)
MPRegen  0.10/turn              (no ring)

@: mighty, glowing
A: negative energy resistance 1, electricity resistance, unbreathing,
petrification resistance, rot immunity, AC +4
a: Renounce Religion


You were on level 4 of the Dungeon.
You worshipped the Shining One.
The Shining One was aware of your devotion.
You were very hungry.

You visited 1 branch of the dungeon, and saw 4 of its levels.

You collected 153 gold pieces.

Inventory:

Hand Weapons
 a - a +1 flail (weapon)
 t - a +0 mace
Armour
 b - a +0 scale mail (worn)
 c - a +1 shield (worn)
Wands
 s - a wand of digging (5)
Scrolls
 i - 2 scrolls of teleportation
 n - a scroll of enchant weapon
 p - 2 scrolls of amnesia
 r - 2 scrolls of remove curse
 v - a scroll of magic mapping
Potions
 d - a potion of might
 g - a potion of flight {unknown}
 h - 2 potions of ambrosia
 j - a potion of magic {unknown}
 k - 3 potions of curing {unknown}
 l - a potion of heal wounds {unknown}
 m - a potion of invisibility
 q - a potion of agility {unknown}
Comestibles
 f - 10 rations


   Skills:
 + Level 4.3 Fighting
 * Level 6.7 Maces & Flails
 - Level 3.3 Armour
 - Level 3.3 Shields


You had 5 spell levels left.
You didn't know any spells.
Your spell library contained the following spells:

 Spells                   Type           Power        Failure   Level  Hunger
 Magic Dart               Conj           #...         99%         1    ##.....
 Searing Ray              Conj           #.....       99%         2    ###....
 Dazzling Spray           Conj/Hex       #.....       100%        3    ####...
 Force Lance              Conj/Tloc      #.......     100%        4    #####..
 Fulminant Prism          Conj/Hex       #.........   100%        4    #####..
 Iskenderun's Mystic Bla  Conj           #.......     100%        4    #####..


Dungeon Overview and Level Annotations

Branches:
Dungeon (4/15)
 Temple: D:4-7

Altars:
Cheibriados
The Shining One


Innate Abilities, Weirdness & Mutations

You are resistant to torment.
Your stone body is resilient. (AC +4)
You are immune to poison.
You resist negative energy. (rN+)
You are resistant to electric shocks. (rElec)
You can survive without breathing.
You are immune to petrification.
You are immune to rotting.


Message History

You block the gnoll's attack. The gnoll hits you with a +0 flail.
* * * LOW HITPOINT WARNING * * *
You bludgeon the gnoll!!
You kill the gnoll!
The jackal barely misses you.
The gnoll hits you from afar with a +0 spear.
* * * LOW HITPOINT WARNING * * *
The gnoll hits you but does no damage.
The jackal bites you but does no damage.
You block the gnoll's attack.
You hit the gnoll.
The gnoll is heavily wounded.
You block the gnoll's attack. You block the jackal's attack.
The gnoll hits you but does no damage. The gnoll barely misses you. x2
The jackal bites you but does no damage.
You closely miss the gnoll.
The gnoll is heavily wounded.
The gnoll hits you but does no damage.
The gnoll hits you from afar with a +0 spear!
You die...

... .... ....
..... .....##
.......## .
#..g@# ..
#.#h)#### .#
####gg#.#.##
##.##)......#
#.......##.##.
###............
................
#...............
#...............


You could see 3 gnolls and a jackal.

Vanquished Creatures
  2 orc priests
  A gnoll shaman (D:4)
  2 orc wizards (D:3)
  A worker ant (D:2)
  4 gnolls (D:4)
  11 adders
  An ooze (D:2)
  2 worms (D:2)
  A dart slug (D:2)
  5 leopard geckos
  13 orcs
  3 giant cockroaches
  7 goblins
  11 hobgoblins
  7 jackals
  9 kobolds
  3 quokkas (D:3)
  3 ball pythons
  9 bats
  5 frilled lizards
  11 rats
111 creatures vanquished.

Notes
Turn   | Place    | Note
-------+----------+-------------------------------------------
     0 | D:1      | FunkyPutin the Gargoyle Fighter began the quest for the
                  | Orb.
     0 | D:1      | Reached XP level 1. HP: 14/14 MP: 1/1
   160 | D:1      | Reached XP level 2. HP: 19/19 MP: 2/2
   536 | D:1      | Reached XP level 3. HP: 24/24 MP: 3/3
   796 | D:2      | Reached skill level 3 in Maces & Flails
   860 | D:2      | Found a snail-covered altar of Cheibriados.
   899 | D:2      | Reached XP level 4. HP: 14/29 MP: 4/4
  1317 | D:2      | Reached skill level 4 in Maces & Flails
  1448 | D:2      | Found a glowing golden altar of the Shining One.
  1456 | D:2      | Became a worshipper of the Shining One
  1756 | D:2      | Reached XP level 5. HP: 33/33 MP: 5/5
  2123 | D:3      | Reached skill level 5 in Maces & Flails
  2244 | D:3      | Reached XP level 6. HP: 21/38 MP: 6/6
  2764 | D:3      | Reached skill level 6 in Maces & Flails
  3081 | D:4      | Reached * piety under the Shining One
  3124 | D:4      | Slain by a gnoll

Skill      XL: |  1  2  3  4  5  6 |
---------------+-------------------+-----
Maces & Flails | 3 4 5 6 |  6.7
Fighting       | 4 |  4.3
Armour         | |  3.3
Shields        | |  3.3

Action                   |  1- 3 |  4- 6 || total
-------------------------+-------+-------++-------
Melee: Flail             |   111 |   319 ||   430
  Use: Scroll            |     8 |     4 ||    12
       Potion            |       |     1 ||     1
  Eat: Chunk             |       |     7 ||     7
Armor: Scale mail        |    57 |   208 ||   265
Dodge: Dodged            |    36 |   123 ||   159
Block: Shield            |    74 |   218 ||   292
